 Dungeon Crawl Stone Soup version 0.20.1-1-g8b1a95d (webtiles) character file.

98 slep the Skirmisher (level 4, 0/37 HPs)
             Began as a Demonspawn Abyssal Knight on Oct 29, 2017.
             Was a Follower of Lugonu.
             Slain by Grinder (5 damage)
             ... on level 3 of the Dungeon.
             The game lasted 00:06:22 (1789 turns).

slep the Skirmisher (Demonspawn Abyssal Knight)     Turns: 1789, Time: 00:06:22

Health: 0/37       AC:  3    Str: 13    XL:     4   Next: 44%
Magic:  5/5        EV: 11    Int: 13    God:    Lugonu [*.....]
Gold:   102        SH:  0    Dex: 13    Spells: 3/3 levels left

rFire    . . .     SeeInvis .   a - +1 falchion
rCold    . . .     Gourm    .   (no shield)
rNeg     . . .     Faith    .   b - +0 leather armour
rPois    .         Spirit   .   (helmet restricted)
rElec    .         Reflect  .   (no cloak)
rCorr    .         Harm     .   (no gloves)
MR       .....                  (no boots)
Stlth    +.........             (no amulet)
Regen    0.2/turn               p - ring of loudness (curse)
MPRegen  0.1/turn               (no ring)

@: hasted, very quick
A: hooves 1, horns 1, nightstalker 1
a: Depart the Abyss, Renounce Religion


You were on level 3 of the Dungeon.
You worshipped Lugonu.
Lugonu was aware of your devotion.
You were not hungry.

You visited 1 branch of the dungeon, and saw 3 of its levels.
You visited the Abyss 1 time.

You collected 102 gold pieces.

Inventory:

Hand Weapons
 a - a +1 falchion (weapon)
 r - a +1 flail of holy wrath
Missiles
 l - 5 steel tomahawks (quivered)
Armour
 b - a +0 leather armour (worn)
Jewellery
 p - a cursed ring of loudness (left hand)
 q - a +3 amulet of reflection {unknown}
Scrolls
 d - 3 scrolls of remove curse {unknown}
 i - a scroll of amnesia {unknown}
 j - a scroll of enchant armour {unknown}
 k - a scroll of teleportation {unknown}
 n - 2 scrolls of identify {unknown}
Potions
 m - a potion of curing {unknown}
Comestibles
 c - 2 bread rations
 f - 3 royal jellies
 g - 2 fruits
 h - 3 meat rations
 o - 2 chunks of flesh


   Skills:
 + Level 4.0 Fighting
 + Level 2.7 Long Blades
 + Level 2.1 Armour
 + Level 1.5 Dodging
 + Level 0.4 Stealth
 + Level 2.5 Invocations


You had 3 spell levels left.
You didn't know any spells.

Dungeon Overview and Level Annotations

Branches:
Dungeon (3/15)

Altars:
Dithmenos

Annotations:
D:3 Grinder


Innate Abilities, Weirdness & Mutations

You have large cloven feet.
You have a pair of small horns on your head.
You are slightly more attuned to the shadows.


Message History

The jackal bites you but does no damage.
You barely miss the jackal.
The jackal is severely wounded.
The jackal barely misses you. x2
You hit the jackal.
You kill the jackal!
Lugonu accepts your kill.
You closely miss Grinder. You kick Grinder. Your headbutt misses Grinder.
Grinder is lightly wounded.
Grinder gestures at you. Pain shoots through your body!
You hit Grinder. You headbutt Grinder.
Grinder is lightly wounded.
Grinder gestures at you. Pain shoots through your body! Grinder hits you.
* * * LOW HITPOINT WARNING * * *
You writhe in agony.
* * * LOW HITPOINT WARNING * * *
It was a potion of haste.
You feel yourself speed up. Grinder hits you.
You die...

#.#....##########.
#.#....# #.
#.#..... ##
#.#......
#.#.......
#.#........
#.#............
#.# .... #@# ...##
#5# #... #.. #...
.... #... ##...
#... .... #...
..... ###' #. #.


You could see Grinder.

Vanquished Creatures
  5 adders
  4 dart slugs
  A leopard gecko (D:2)
  3 bats
  4 giant cockroaches (D:2)
  4 goblins
  3 hobgoblins
  3 jackals (D:3)
  A ball python (D:1)
  6 frilled lizards
  6 kobolds
  5 rats
45 creatures vanquished.

Notes
Turn   | Place    | Note
-------+----------+-------------------------------------------
     0 | Abyss:1  | slep the Demonspawn Abyssal Knight began the quest for the Orb.
     0 | Abyss:1  | Reached XP level 1. HP: 18/18 MP: 2/2
   101 | Abyss:1  | Noticed a balrug
   103 | D:1      | Escaped the Abyss
   279 | D:1      | Gained mutation: You have a pair of small horns on your head. [demonic ancestry]
   279 | D:1      | Reached XP level 2. HP: 16/24 MP: 3/3
   404 | D:1      | Reached * piety under Lugonu
   736 | D:2      | Reached skill level 1 in Dodging
   777 | D:2      | Found a shadowy altar of Dithmenos.
   799 | D:2      | Gained mutation: You have large cloven feet. [demonic ancestry]
   799 | D:2      | Reached XP level 3. HP: 20/30 MP: 4/4
  1211 | D:2      | Reached skill level 4 in Fighting
  1315 | D:2      | Gained mutation: You are slightly more attuned to the shadows. [demonic ancestry]
  1315 | D:2      | Reached XP level 4. HP: 29/37 MP: 5/5
  1774 | D:3      | Noticed Grinder
  1789 | D:3      | Slain by Grinder

Skill      XL: |  1  2  3 |
---------------+----------+-----
Armour         | 2 |  2.1
Long Blades    | 2 |  2.7
Dodging        | 1 |  1.5
Fighting       | 4 |  4.0
Stealth        | |  0.4
Invocations    | |  2.5

Action                   |  1- 3 |  4- 6 || total
-------------------------+-------+-------++-------
Melee: Falchion          |    90 |    32 ||   122
       Headbutt          |     5 |     4 ||     9
       Kick              |     4 |     8 ||    12
Invok: Depart the Abyss  |     1 |       ||     1
  Use: Potion            |       |     1 ||     1
 Stab: Sleeping          |       |     1 ||     1
  Eat: Chunk             |     1 |     2 ||     3
Armor: Leather armour    |    22 |     7 ||    29
Dodge: Dodged            |    48 |    21 ||    69
       Rpst.: Falchion   |     9 |     4 ||    13
